 Dungeon Crawl Stone Soup version 0.29.0-11-gd7f09526c8 (webtiles) character file.

Game seed: 6527705517445544971

1985 BubbleThief the Fighter (level 9, 0/76 (93) HPs)
             Began as a Naga Venom Mage on Sept 4, 2022.
             Was a Follower of Vehumet.
             Slain by a wight
             ... wielding a +7 short sword
              (2 damage)
             ... on level 6 of the Dungeon.
             The game lasted 00:12:34 (7343 turns).

BubbleThief the Fighter (Naga Venom Mage)           Turns: 7343, Time: 00:12:34

HP:   0/76 (93)     AC:  5    Str: 12    XL:     9   Next: 21%
MP:   25/25         EV: 10    Int: 20    God:    Vehumet [*.....]
Gold: 490           SH:  0    Dex: 12    Spells: 3/17 levels left

rFire   . . .      SeeInvis +   t - +4 great sword of Bokibu {flame, Str+2}
rCold   . . .      Faith    .   (shield currently unavailable)
rNeg    . . .      Spirit   .   a - +0 robe
rPois   +          Reflect  .   (no helmet)
rElec   .          Harm     .   q - +0 cloak
rCorr   .          Rampage  .   (no gloves)
Will    +....                   (no barding)
Stlth   ++........              v - amulet of the acrobat
HPRegen 0.22/turn               o - ring of magical power
MPRegen 0.19/turn               (no ring)

@: heavily drained, very slow
A: AC +3, large, see invisible, deformed body, poison resistance, slowness 2,
spit poison 1, naga tail 1
a: Spit Poison, Renounce Religion


You were on level 6 of the Dungeon.
You worshipped Vehumet.
Vehumet was aware of your devotion.
You visited 2 branches of the dungeon, and saw 8 of its levels.
You also visited: Ossuary.

You collected 553 gold pieces.
You spent 63 gold pieces at shops.

Inventory:

Hand Weapons
 t - the +4 great sword of Bokibu (weapon) {flame, Str+2}
   (You found it on level 4 of the Dungeon)

   It burns those it strikes, dealing additional fire damage.
   Big, fiery blades are also staple armaments of hydra-hunters.
   Str:       It affects your strength (+2).
Missiles
 l - 4 atropa-tipped darts
Armour
 a - a +0 robe (worn)
 q - a +0 cloak (worn)
Jewellery
 o - a ring of magical power (left hand)
 v - an amulet of the acrobat (around neck)
Wands
 k - a wand of flame (14)
 u - a wand of charming (14)
 y - a wand of roots (4)
Scrolls
 e - 2 scrolls of teleportation
 g - 2 scrolls of identify
 m - a scroll of amnesia {unknown}
 n - 5 scrolls of vulnerability {unknown}
 r - a scroll of acquirement {unknown}
 s - 2 scrolls of immolation {unknown}
 x - 2 scrolls of magic mapping
 A - 2 scrolls of blinking {unknown}
Potions
 b - 2 potions of magic
 c - 2 potions of mutation {unknown}
 d - 2 potions of haste {unknown}
 f - 7 potions of attraction
 h - 2 potions of might
 j - a potion of resistance
 p - 2 potions of flight {unknown}
 w - a potion of heal wounds {unknown}
 z - a potion of berserk rage {unknown}


   Skills:
 - Level 10.0 Fighting
 - Level 1.5 Dodging
 - Level 3.0 Stealth
 + Level 4.8 Spellcasting
 - Level 1.0 Transmutations
 + Level 1.1 Ice Magic
 - Level 6.0 Poison Magic


You had 3 spell levels left.
You knew the following spells:

 Your Spells              Type           Power      Damage    Failure   Level
a - Sting                 Tmut/Pois      72%        1d6       2%          1
b - Olgreb's Toxic Radia  Pois           29%        N/A       10%         4
c - Mephitic Cloud        Conj/Pois/Air  12%        N/A       16%         3
d - Ignite Poison         Fire/Tmut/Pois 14%        N/A       14%         3
e - Frozen Ramparts       Ice            18%        1d3       22%         3

Your spell library contained the following spells:

 Spells                   Type           Power      Damage    Failure   Level
 Sandblast                Erth           8%         2d5       12%         1
 Poisonous Vapours        Pois/Air       32%        N/A       5%          2
 Tukima's Dance           Hex            4%         N/A       34%         3
 Passage of Golubria      Tloc           4%         N/A       75%         4
 Yara's Violent Unravell  Hex/Tmut       3%         3d4       95%         5
 Freezing Cloud           Conj/Ice/Air   3%         6-21      96%         5
 Haunt                    Necr/Summ      2%         N/A       100%        7
 Monstrous Menagerie      Summ           2%         N/A       100%        7


Dungeon Overview and Level Annotations

Branches:
Dungeon (7/15)             Temple (1/1) D:4         Ossuary (visited)

Altars:
Ashenzari
Cheibriados
Fedhas
Gozag
Hepliaklqana
Kikubaaqudgha
Makhleb
Nemelex Xobeh
Okawaru
Ru
Trog
Uskayaw
Vehumet

Shops:
D:2 *

Annotations:
D:3 2 transporters, slitherrr's ghost, amateur PaAK


Innate Abilities, Weirdness & Mutations

Your serpentine skin is tough. (AC +3)
You have supernaturally acute eyesight. (SInv)
Armour fits poorly on your strangely shaped body.
Your system is resistant to poisons. (rPois)
You cover ground very slowly.
You can spit poison.
You have a snake-like lower body.


Message History

The wall freezes the wight but does no damage.
The wight hits you with a +7 short sword!
You feel drained.
The frozen ramparts melt away.
You climb upwards.
There is a stone staircase leading down here.
Unknown command.
You barely miss the wight.
The wight is heavily damaged.
The wight hits you with a +7 short sword.
The wight hits you with a +7 short sword!
You feel drained.
You barely miss the wight.
The wight is heavily damaged.
The wight hits you but does no damage.
You closely miss the wight.
The wight is heavily damaged.
The wight barely misses you.
The wight hits you with a +7 short sword!
* * * LOW HITPOINT WARNING * * *
You feel drained.
* * * LOW HITPOINT WARNING * * *
You closely miss the wight.
The wight is heavily damaged.
The wight closely misses you.
The wight hits you with a +7 short sword.
* * * LOW HITPOINT WARNING * * *
You feel drained.
Unknown command.
You hit the wight but do no damage.
The wight is heavily damaged.
The wight hits you with a +7 short sword!
* * * LOW HITPOINT WARNING * * *
Unknown command.
Okay, then.
You hit the wight but do no damage.
The wight is heavily damaged.
The wight hits you with a +7 short sword.
* * * LOW HITPOINT WARNING * * *
You feel drained.
You die...

......## #.##......##......#.##
.......# #.##.###>...##.####..#
.#####.# #....###....##.# ##.#
..# #.#####..##....!..##.# #.#
#.####............#...(##.## #.#
..................###..##..# #..
.......#####.##..#####..##.# ##.
.......# #.###z...###..#.# #.
.......#####.###@........#.# #.
...^.......)..##...........# ##
.......#####..##...........# #
####.......................# #
###.#.####................# #
##...#..# ##.###...........# ###
...#..#.# #.# #...........# #..
..###.#.####.# #...........####.#
..........##.###.(..............#


You could see a wight.

Vanquished Creatures
  Grinder (D:5)
  Sigmund (D:5)
  Edmund (D:5)
  Menkaure (D:5)
  A water moccasin (D:6)
  2 ice beasts (D:6)
  A sky beast (D:6)
  A black bear (D:6)
  An ogre (D:4)
  A phantom (D:6)
  A kobold brigand (D:6)
  A scorpion (D:5)
  Blork the orc (D:5)
  A gnoll sergeant (D:5)
  3 hounds
  A jelly (D:4)
  Crazy Yiuf (D:2)
  3 iguanas (D:5)
  5 mummies (Ossuary)
  5 adders
  6 gnolls
  An ufetubus (D:5)
  A dart slug (D:2)
  13 orcs
  4 bats
  3 endoplasms
  A giant cockroach (D:3)
  7 goblins
  10 hobgoblins
  9 jackals
  14 kobolds
  A quokka (D:5)
  3 ball pythons (D:1)
  A frilled lizard (D:1)
  2 gnoll zombies (Ossuary)
  2 hobgoblin zombies (Ossuary)
  A kobold zombie (Ossuary)
  An orc zombie (Ossuary)
  4 rats
117 creatures vanquished.

Notes
Turn   | Place    | Note
-------+----------+-------------------------------------------
     0 | D:1      | BubbleThief the Naga Venom Mage began the quest for the
                  | Orb.
     0 | D:1      | Reached XP level 1. HP: 15/15 MP: 3/3
   210 | D:1      | Reached XP level 2. HP: 22/22 MP: 3/5
  1158 | D:2      | Found Hoiz Por's Assorted Antiques.
  1164 | D:2      | Bought a scroll labelled QALABE IDIAL for 23 gold pieces
  1164 | D:2      | Bought an amethyst potion for 20 gold pieces
  1164 | D:2      | Bought a viscous golden potion for 20 gold pieces
  1191 | D:2      | Found a hazy altar of Hepliaklqana.
  1276 | D:2      | Reached XP level 3. HP: 28/28 MP: 6/6
  1375 | D:2      | Reached skill level 5 in Poison Magic
  1808 | D:2      | Found a runed translucent door.
  1809 | D:2      | Noticed Crazy Yiuf
  2209 | D:3      | Found a transporter.
  2222 | D:2      | Reached XP level 4. HP: 28/36 MP: 8/8
  2227 | D:2      | Learned a level 4 spell: Olgreb's Toxic Radiance
  2231 | D:2      | Learned a level 3 spell: Mephitic Cloud
  2289 | D:3      | Found a transporter.
  2291 | D:3      | Noticed slitherrr's ghost (amateur PaAK)
  2292 | D:3      | Noticed an ogre
  2295 | D:3      | Identified the +0 great mace of Agony {vorpal, *Noise rPois
                  | rF+ Int+3}
  2295 | D:3      | Noticed an ogre
  2840 | D:3      | Reached skill level 1 in Fighting
  3050 | D:2      | Killed Crazy Yiuf
  3051 | D:2      | Reached skill level 2 in Fighting
  3051 | D:2      | Reached XP level 5. HP: 24/45 MP: 4/9
  3239 | D:4      | Found a sand-covered staircase.
  3247 | Ossuary  | Entered an ossuary
  3312 | Ossuary  | Reached skill level 3 in Fighting
  3609 | Ossuary  | HP: 1/49 [mummy (11)]
  3923 | D:4      | Identified the +4 great sword of Bokibu {flame, Str+2}
  3977 | D:4      | Reached XP level 6. HP: 34/57 MP: 10/10
  4454 | D:4      | Reached skill level 4 in Fighting
  4512 | D:4      | Found a staircase to the Ecumenical Temple.
  4523 | Temple   | Entered the Ecumenical Temple
  4567 | Temple   | Became a worshipper of Vehumet
  4690 | D:5      | Entered Level 5 of the Dungeon
  4724 | D:5      | Noticed Edmund
  4734 | D:5      | Killed Edmund
  4735 | D:5      | Reached skill level 5 in Fighting
  4735 | D:5      | Reached XP level 7. HP: 55/68 MP: 9/11
  4908 | D:5      | Reached skill level 6 in Fighting
  5175 | D:5      | Noticed Blork the orc
  5189 | D:5      | Killed Blork the orc
  5191 | D:5      | Noticed Grinder
  5208 | D:5      | Reached skill level 7 in Fighting
  5210 | D:5      | Noticed Sigmund
  5213 | D:5      | Paralysed by Grinder for 5 turns
  5220 | D:5      | HP: 1/72 [Grinder/nerve-wracking pain (5)]
  5442 | D:5      | Reached XP level 8. HP: 57/80 MP: 12/12
  5583 | D:5      | Learned a level 3 spell: Ignite Poison
  5698 | D:5      | Noticed Menkaure
  5706 | D:5      | Killed Menkaure
  5707 | D:5      | Reached skill level 8 in Fighting
  6032 | D:5      | Killed Grinder
  6246 | D:5      | Got the Atlas of the Throng and Snow
  6257 | D:5      | Killed Sigmund
  6258 | D:5      | Reached skill level 9 in Fighting
  6435 | D:6      | Reached * piety under Vehumet
  6435 | D:6      | Offered knowledge of Sandblast by Vehumet.
  6582 | D:6      | Reached XP level 9. HP: 10/93 MP: 0/15
  6916 | D:6      | Learned a level 3 spell: Frozen Ramparts
  7107 | D:6      | Reached skill level 10 in Fighting
  7243 | D:6      | Found an iron altar of Okawaru.
  7255 | D:6      | Reached skill level 1 in Ice Magic
  7343 | D:6      | HP: 2/78 [wight/+7 short sword (5)]
  7343 | D:6      | Slain by a wight

Illustrated notes

Levels and vault maps discovered:
D:1:      ncdulo_smallfort, layout_basic
D:2:      layout_basic, basic_altar, serial_shops, nicolae_square_shop,
          guppyfry_early_orc_mine, uniq_crazy_yiuf_cottage
D:3:      layout_rooms, gammafunk_ghost_smash
D:4:      layout_basic, minmay_temple_entry_glass, chequers_ossuary_entry_cave
D:5:      layout_rooms, minmay_misc_feat_tower, uniq_blork_the_orc,
          uniq_sigmund, uniq_grinder, uniq_menkaure, uniq_edmund
D:6:      layout_rooms, okawaru_trees_1
D:7:      kennysheep_steamy, layout_loops_ring, zin_treasury, uniq_pikel,
          uniq_prince_ribbit1
Temple:   kb_temple_of_zot

Skill      XL: |  1  2  3  4  5  6  7  8  9 |
---------------+----------------------------+-----
Poison Magic   | 5 6 |  6.0
Spellcasting   | 3 4 |  4.8
Fighting       | 2 3 5 7 9 10 | 10.0
Ice Magic      | 1 |  1.1
Dodging        | |  1.5
Stealth        | |  3.0
Transmutations | |  1.0

Action                   |  1- 3 |  4- 6 |  7- 9 || total
-------------------------+-------+-------+-------++-------
Melee: Unarmed           |     3 |       |       ||     3
       Flail             |       |     3 |       ||     3
       Dagger            |       |    57 |       ||    57
       Great sword       |       |    10 |    63 ||    73
 Cast: Sting             |    38 |    19 |    13 ||    70
       Olgreb's Toxic Ra |       |     8 |    13 ||    21
       Mephitic Cloud    |       |     3 |     5 ||     8
       Frozen Ramparts   |       |       |     2 ||     2
 Abil: Spit Poison       |    31 |    15 |    11 ||    57
Evoke: Wand              |       |       |     1 ||     1
  Use: Scroll            |       |     7 |     2 ||     9
       Potion            |       |     2 |       ||     2
 Stab: Sleeping          |       |     1 |       ||     1
       Confused          |       |       |     1 ||     1
Armor: Robe              |     9 |    16 |    13 ||    38
Dodge: Dodged            |    20 |    35 |    49 ||   104
